 Dungeon Crawl Stone Soup version 0.19-a0-1704-gbd66c22 (webtiles) character file.

362 KristoblXynda the Charlatan (level 6, 0/29 HPs)
             Began as a Spriggan Artificer on Sept 27, 2016.
             Was a Follower of Nemelex Xobeh.
             Succumbed to an adder's poison
             ... in a sewer.
             The game lasted 00:07:30 (4091 turns).

KristoblXynda the Charlatan (Spriggan Artificer)    Turns: 4091, Time: 00:07:31

Health: 0/29       AC:  4    Str:  8    XL:     6   Next: 39%
Magic:  11/11      EV: 18    Int: 15    God:    Nemelex Xobeh [*.....]
Gold:   119        SH:  0    Dex: 16    Spells: 0 memorised, 5 levels left

rFire  . . .     SeeInvis +     a - +0 short sword
rCold  . . .     Gourm    .     b - +0 robe
rNeg   . . .     Faith    .     (shield restricted)
rPois  .         Spirit   .     (helmet restricted)
rElec  .         Dismiss  .     i - +0 cloak
rCorr  .         Reflect  .     (gloves unavailable)
MR     +....     Harm     .     (boots unavailable)
Stlth  ++........               (no amulet)
                                (no ring)
                                (no ring)

@: lethally poisoned (0 -> -2), very quick
A: unfitting armour, see invisible, herbivore 3, speed 3, slow metabolism 2
a: Renounce Religion


You were in a sewer.
You worshipped Nemelex Xobeh.
Nemelex Xobeh was aware of your devotion.
You were completely stuffed.

You visited 1 branch of the dungeon, and saw 3 of its levels.
You also visited: Sewer.

You collected 119 gold pieces.

Inventory:

Hand Weapons
 a - a +0 short sword (weapon)
Armour
 b - a +0 robe (worn)
 i - a +0 cloak (worn)
Wands
 c - a wand of flame (24/48)
 d - a wand of enslavement (14/24)
 e - a wand of random effects (15/48)
Scrolls
 l - 3 scrolls of remove curse
 q - a scroll of fog
Books
 p - a book of Clouds

   Spells                             Type                      Level
   a - Mephitic Cloud                 Conjuration/Poison/Air       3
   b - Conjure Flame                  Conjuration/Fire             3
   c - Poisonous Cloud                Conjuration/Poison/Air       6
   d - Freezing Cloud                 Conjuration/Ice/Air          6
   e - Ring of Flames                 Charms/Fire                  7
Miscellaneous
 s - a plain deck of summoning
Comestibles
 f - 2 bread rations
 n - a royal jelly


   Skills:
 - Level 0.7 Fighting
 + Level 3.9 Short Blades
 - Level 3.0 Dodging
 + Level 6.3 Stealth
 + Level 6.4 Evocations


You had 5 spell levels left.
You didn't know any spells.

Dungeon Overview and Level Annotations

Branches:
Dungeon (3/15)

Altars:
Cheibriados
Nemelex Xobeh
Vehumet
Yredelemnul


Innate Abilities, Weirdness & Mutations

You are very small and have problems with some larger weapons.
You are too small for most types of armour.
You have supernaturally acute eyesight. (SInv)
You are a herbivore.
You cover ground extremely quickly.
You need consume almost no food.


Message History

* * * LOW HITPOINT WARNING * * *
You feel sick.
There is a lethal amount of poison in your body!
There is a lethal amount of poison in your body!
There is a lethal amount of poison in your body!
There is a lethal amount of poison in your body!
There is a lethal amount of poison in your body!
There is a lethal amount of poison in your body!
There is a lethal amount of poison in your body!
There is a lethal amount of poison in your body!
You see here an adder corpse.
There is a lethal amount of poison in your body!
There is a lethal amount of poison in your body!
There is a lethal amount of poison in your body!
There is a lethal amount of poison in your body!
There is a lethal amount of poison in your body!
There is a lethal amount of poison in your body!
There is a lethal amount of poison in your body!
You die...
Your body disappears without a glow.

##≈≈≈##
#≈≈.≈≈#
#.###≈#
#≈# #≈#
##≈###≈##
#≈≈≈#≈..#
#≈#≈#≈#≈#
#≈#†#≈#≈#
#S#@#≈#≈#
#.#.#.#.#
#########


There were no monsters in sight!

Vanquished Creatures
  A mottled dragon (Sewer)
  An orc priest (D:3)
  An orc wizard (D:3)
  5 adders
  2 river rats
  An ooze (D:1)
  2 worms (Sewer)
  4 dart slugs
  2 orcs (D:3)
  4 giant cockroaches
  7 goblins
  9 hobgoblins
  4 jackals (D:2)
  2 quokkas
  3 ball pythons
  9 bats
  4 frilled lizards
  7 kobolds
  7 rats
75 creatures vanquished.

Vanquished Creatures (collateral kills)
  A big kobold (Sewer)
  A worm (D:3)
  A ball python (Sewer)
3 creatures vanquished.

Grand Total: 78 creatures vanquished

Notes
Turn   | Place    | Note
-------+----------+-------------------------------------------
     0 | D:1      | KristoblXynda the Spriggan Artificer began the quest for the Orb.
     0 | D:1      | Reached XP level 1. HP: 9/9 MP: 4/4
   151 | D:1      | Reached XP level 2. HP: 14/14 MP: 6/6
   532 | D:1      | Reached XP level 3. HP: 11/17 MP: 7/7
  1300 | D:2      | Found a sparkling altar of Nemelex Xobeh.
  1308 | D:2      | Became a worshipper of Nemelex Xobeh the Trickster
  1680 | D:2      | Found a snail-covered altar of Cheibriados.
  1782 | D:2      | Reached XP level 4. HP: 17/21 MP: 8/8
  1820 | D:2      | Received a gift from Nemelex Xobeh
  1952 | D:2      | Found a basalt altar of Yredelemnul.
  2150 | D:3      | Reached skill level 5 in Evocations
  2174 | D:3      | Reached XP level 5. HP: 6/25 MP: 8/10
  2189 | D:3      | Reached skill level 5 in Stealth
  2613 | D:3      | Received a gift from Nemelex Xobeh
  2620 | D:3      | Reached * piety under Nemelex Xobeh
  2688 | D:3      | Found a radiant altar of Vehumet.
  3020 | D:3      | Found a glowing drain.
  3040 | Sewer    | Entered a sewer
  3420 | Sewer    | Noticed a mottled dragon
  3420 | Sewer    | a big kobold changed into a mottled dragon
  3445 | Sewer    | Killed a mottled dragon
  3445 | Sewer    | Reached XP level 6. HP: 27/29 MP: 11/11
  4087 | Sewer    | HP: 1/29 [poisoned by an adder]
  4091 | Sewer    | Succumbed to an adder's poison

Vault maps used:
D:1:      minmay_arrival_glassed_features
D:2:      yredelemnul_altar_generic, kennysheep_slug_shrine,
          nemelex_altar_shiori
D:3:      lemuel_coloured_pillars_altar, portal_sewer_entry_e
Sewer:    sewer_co_tree

Skill      XL: |  1  2  3  4  5  6 |
---------------+-------------------+-----
Stealth        | 2 3 4 5 6 |  6.3
Short Blades   | 2 3 |  3.9
Evocations     | 5 6 |  6.4
Fighting       | |  0.7
Dodging        | |  3.0

Action                   |  1- 3 |  4- 6 || total
-------------------------+-------+-------++-------
Melee: Short sword       |   153 |   139 ||   292
Evoke: Wand              |     2 |     7 ||     9
       Deck              |       |     9 ||     9
  Use: Potion            |     3 |     4 ||     7
       Scroll            |       |     6 ||     6
 Stab: Sleeping          |     6 |     5 ||    11
  Eat: Bread ration      |       |     2 ||     2
Armor: Robe              |    28 |    26 ||    54
Dodge: Dodged            |   124 |   159 ||   283
